 Dungeon Crawl Stone Soup version 0.30-a0-475-g03497ec522 (webtiles) character file.

Game seed: 8071262758394179497

259 bmack86 the Covered (level 5, -8/47 HPs)
             Began as a Minotaur Fighter on Dec 21, 2022.
             Mangled by a gnoll
             ... wielding a +0 trident
              (9 damage)
             ... on level 3 of the Dungeon.
             The game lasted 00:06:37 (1915 turns).

bmack86 the Covered (Minotaur Fighter)              Turns: 1915, Time: 00:06:37

Health: -8/47      AC:  0    Str: 23    XL:     5   Next: 95%
Magic:  4/4        EV: 13    Int:  5    God:
Gold:   132        SH:  0    Dex:  9    Spells: 4/4 levels left

rFire   . . .      SeeInvis .    (weapon currently unavailable)
rCold   . . .      Faith    .    (shield currently unavailable)
rNeg    . . .      Spirit   .    (body armour currently unavailable)
rPois   .          Reflect  .    (helmet currently unavailable)
rElec   .          Harm     .    (cloak currently unavailable)
rCorr   .          Rampage  .    (gloves currently unavailable)
Will    .....                    (boots currently unavailable)
Stlth   +.........               (no amulet)
HPRegen 0.27/turn                (ring currently unavailable)
MPRegen 0.09/turn                (ring currently unavailable)

@: pig-form, very quick
A: fast, no casting, small, (horns 2), (retaliatory headbutt)
a: no special abilities


You were on level 3 of the Dungeon.
You were a filthy swine.
You visited 1 branch of the dungeon, and saw 3 of its levels.

You collected 132 gold pieces.

Inventory:

Hand Weapons
 a - a +1 war axe (melded)
 j - the +7 spear "Mieghy" {antimagic, rF+}
   (You found it on level 2 of the Dungeon)

   It reduces the magical energy of the wielder, and disrupts the spells and
   magical abilities of those it strikes.
   Natural abilities and divine invocations are not affected.
   rF:        It protects you from fire.
Missiles
 f - 4 poisoned darts (quivered)
 l - 2 throwing nets
Armour
 b - a +0 scale mail (melded)
 c - a +0 buckler (melded)
 k - a +0 cloak (melded)
 o - a +0 pair of boots (melded)
Jewellery
 n - an amulet of magic regeneration
Wands
 g - a wand of flame (12)
Potions
 d - a potion of might
 e - 2 potions of magic
 h - 2 potions of brilliance {unknown}
 i - 2 potions of heal wounds {unknown}
 m - a potion of curing {unknown}


   Skills:
 + Level 4.3 Fighting
 + Level 4.9 Axes
 + Level 5.1 Armour
 + Level 1.4 Dodging
 + Level 0.2 Stealth
 + Level 4.6 Shields


You had 4 spell levels left.
You didn't know any spells.
Your spell library contained the following spells:

 Spells                   Type           Power      Damage    Failure   Level
 Summon Small Mammal      Summ           0%         N/A       47%         1
 Call Canine Familiar     Summ           0%         N/A       85%         3
 Summon Guardian Golem    Hex/Summ       0%         N/A       85%         3
 Animate Dead             Necr           0%         N/A       99%         4
 Haunt                    Necr/Summ      0%         N/A       100%        7
 Infestation              Necr           0%         N/A       100%        8


Dungeon Overview and Level Annotations

Branches:
Dungeon (3/15)

Altars:


Innate Abilities, Weirdness & Mutations

You are a filthy swine.
You move quickly.
Your equipment is almost entirely melded.
You are incapable of wielding weapons or throwing items.
You cannot cast spells.
((You have a pair of horns on your head.))
((You reflexively headbutt those who attack you in melee.))


Message History

Your +0 scale mail melds into your body.
You hit the gnoll.
The gnoll is lightly wounded.
The gnoll misses you. The gnoll barely misses you.
You hit the gnoll.
The gnoll is heavily wounded.
The gnoll hits you with a +0 flail. The gnoll barely misses you.
You barely miss the gnoll.
The gnoll is heavily wounded.
The gnoll hits you with a +0 flail! The gnoll barely misses you.
You hit the gnoll but do no damage.
The gnoll is moderately wounded.
The gnoll hits you with a +0 flail.
The gnoll hits you from afar with a +0 trident!
You barely miss the gnoll.
The gnoll is moderately wounded.
The gnoll closely misses you. The gnoll barely misses you.
You hit the gnoll.
The gnoll is severely wounded.
The gnoll closely misses you. The gnoll barely misses you.
You closely miss the gnoll.
The gnoll is severely wounded.
The gnoll closely misses you. x2
You closely miss the gnoll.
The gnoll is severely wounded.
The gnoll closely misses you. The gnoll barely misses you.
You hit the gnoll but do no damage.
The gnoll is severely wounded.
The gnoll hits you with a +0 flail.
The gnoll hits you from afar with a +0 trident!
* * * LOW HITPOINT WARNING * * *
You hit the gnoll.
You kill the gnoll!
The gnoll barely misses you.
Things that are here:
a +0 flail; a gnoll corpse The gnoll hits you with a +0 trident!
* * * LOW HITPOINT WARNING * * *
You hit the gnoll but do no damage. The gnoll hits you with a +0 trident!
You die...

...###©#####.###..
##...............#
8#.######+######.#
##.#P⌠P#..8#...#.##.≈≈.#
#..'.....©⌠#:..'..#.~~.#
##.#P⌠.#..8#..$#.##.≈≈.#
8#)######'######.#8.≈≈.#
##.).....)......)###≈≈.####
...###.#####.###h..#≈≈....#
...#.###.©.###.#g..#≈≈....# #
####...........#####≈≈....#.#
≈≈≈≈≈≈≈≈...≈≈≈≈≈≈≈≈≈≈≈†...#.###
≈≈≈≈≈≈≈≈...≈≈≈≈≈≈≈≈≈≈≈....'....
.....)....................#...
#######.##.##.####..##....#.##
# #.##.##.......##....#.# #
#.##.########.##....#.###.#


You could see a gnoll.

Vanquished Creatures
  The ghost of Taurus the Covered, an amateur MiFi (D:3)
  A gnoll bouda (D:3)
  7 gnolls
  2 adders (D:2)
  A dart slug (D:1)
  4 ball pythons
  A bat (D:2)
  8 endoplasms
  A giant cockroach (D:1)
  3 goblins
  4 hobgoblins
  6 jackals
  3 quokkas
  5 frilled lizards
  5 kobolds
  4 rats
56 creatures vanquished.

Vanquished Creatures (others)
  3 plants (D:3)
3 creatures vanquished.

Grand Total: 59 creatures vanquished

Notes
Turn   | Place    | Note
-------+----------+-------------------------------------------
     0 | D:1      | bmack86 the Minotaur Fighter began the quest for the Orb.
     0 | D:1      | Reached XP level 1. HP: 19/19 MP: 0/0
    85 | D:1      | Reached skill level 4 in Armour
    85 | D:1      | Reached XP level 2. HP: 18/27 MP: 1/1
   343 | D:1      | Reached XP level 3. HP: 33/33 MP: 2/2
   837 | D:2      | Identified the +7 spear "Mieghy" {antimagic, rF+}
  1082 | D:2      | Reached XP level 4. HP: 40/40 MP: 3/3
  1558 | D:3      | Found a transporter.
  1569 | D:3      | Found a transporter.
  1605 | D:3      | Reached XP level 5. HP: 6/46 MP: 4/4
  1672 | D:3      | Noticed Taurus's ghost (amateur MiFi)
  1880 | D:3      | Killed Taurus's ghost
  1881 | D:3      | Reached skill level 5 in Armour
  1881 | D:3      | Reached skill level 1 in Dodging
  1914 | D:3      | HP: 1/47 [gnoll/+0 trident (8)]
  1915 | D:3      | Mangled by a gnoll

Illustrated notes

Levels and vault maps discovered:
D:1:      amcnicky_arrival_single_pillar, layout_loops_ring, minmay_tromino_i2
D:2:      layout_basic, grunt_ministairs_14, minmay_hedge_maze, st_stairs_4
D:3:      layout_basic, lemuel_crystal_altar, mainiacjoe_overflow_paths,
          gammafunk_ghost_gnarly_gnolls, nrook_mini_backslash

Skill      XL: |  1  2  3  4  5 |
---------------+----------------+-----
Armour         | 4 5 |  5.1
Shields        | 4 |  4.6
Fighting       | 4 |  4.3
Axes           | 3 4 |  4.9
Dodging        | 1 |  1.4
Stealth        | |  0.2

Action                   |  1- 3 |  4- 6 || total
-------------------------+-------+-------++-------
Melee: War axe           |    70 |    41 ||   111
       Headbutt          |     6 |     5 ||    11
       Unarmed           |       |    11 ||    11
  Use: Scroll            |     1 |     4 ||     5
Armor: Scale mail        |    33 |    17 ||    50
Dodge: Dodged            |    40 |    34 ||    74
Block: Buckler           |    23 |    11 ||    34

Table legend: (Time is in decaauts)
 A = Elapsed time spent in this place.
 B = Non-inter-level travel time spent in this place.
 C = Inter-level travel time spent in this place.
 D = Time resting spent in this place.
 E = Time spent auto-exploring this place.
 F = Levels seen in this place.
 G = Mean time per level.
                   A        B        C        D        E       F      G
               +--------+--------+--------+--------+--------+-----+--------+
         Total |   1956 |   1883 |     73 |    152 |   1102 |   3 |  652.0 |
       Dungeon |   1956 |   1883 |     73 |    152 |   1102 |   3 |  652.0 |
               +--------+--------+--------+--------+--------+-----+--------+

Top non-repeatable levels by time:
     D:2: 803 daAuts
     D:1: 766 daAuts
     D:3: 386 daAuts
